[Event "47th GRE-chT 2019"]
[Site "Patra"]
[Date "2019.07.02"]
[Round "1.14"]
[White "Zervos, Lazaros"]
[Black "Kymionis, Konstantinos"]
[Result "1-0"]
[ECO "E11"]
[WhiteElo "2055"]
[BlackElo "2091"]
[Annotator "NA"]
[PlyCount "77"]
[EventDate "2019.07.02"]
[EventCountry "GRE"]
[SourceTitle "playchess.com"]
[Source "ChessBase"]
[SourceQuality "1"]
[TimeControl "5400+30"]

1. d4 Nf6 2. Nf3 e6 3. c4 Bb4+ 4. Nbd2 b6 5. e3 Bb7 6. Bd3 Ne4 7. O-O f5 8. Qc2 Nxd2 9. Nxd2 Qh4 10. d5 Bd6 11. f4 O-O 12. Nf3 Qh5 13. Nd4 Qf7 14. Bd2 Na6 15. Nb5 exd5 16. cxd5 Nc5 17. Nc3 Kh8 18. Bc4 Rae8 19. Rad1 a6 20. a3 Re7 21. Rf3 Rfe8 22. Rg3 b5 23. Ba2 Qf8 24. b4 Ne4 25. Nxe4 Rxe4 26. Bc3 R8e7 27. Qd2 Rf7 28. Bd4 Qe8 29. Qc3 Ree7 30. Rf1 Kg8 31. Rff3 g6 32. h4 Re4 33. h5 Rfe7 34. hxg6 hxg6 35. Rh3 Rxd4 36. Qxd4 Rg7 37. Rh6 Kf7 38. Rfh3 Qg8 39. Rh8 1-0

[Event "47th GRE-chT 2019"]
[Site "Patra"]
[Date "2019.07.02"]
[Round "1.15"]
[White "Makropoulou, Marina"]
[Black "Zawadzka, Jolanta"]
[Result "0-1"]
[ECO "C66"]
[WhiteElo "2182"]
[BlackElo "2422"]
[Annotator "RC"]
[PlyCount "136"]
[EventDate "2019.07.02"]
[EventCountry "GRE"]
[SourceTitle "playchess.com"]
[Source "ChessBase"]
[SourceQuality "1"]
[TimeControl "5400+30"]

1. e4 e5 2. Nf3 Nc6 3. Bb5 Nf6 4. d3 d6 5. c3 g6 6. O-O Bg7 7. a4 O-O 8. a5 Nxa5 9. Rxa5 c6 10. Qa4 cxb5 11. Qxb5 a6 12. Qb4 Bg4 13. Nbd2 Nh5 14. h3 Be6 15. Nc4 b5 16. Nxd6 Qd7 17. d4 exd4 18. cxd4 Rfd8 19. e5 Bf8 20. Be3 Bd5 21. Nd2 Bxd6 22. exd6 Qc6 23. Qc5 Bxg2 24. Rfa1 Qb7 25. Qc7 Qd5 26. Rxa6 Bxh3 27. f3 Rac8 28. Qe7 Be6 29. Qg5 Rxd6 30. Qxd5 Rxd5 31. Ne4 Kg7 32. Rb6 Rc2 33. Nd6 Bh3 34. Ne4 Rg2+ 35. Kh1 Rxb2 36. Nf2 Bf5 37. Rc1 Be6 38. Rc7 Rd7 39. Rxd7 Bxd7 40. Ne4 Bf5 41. Nd6 Bh3 42. Ne4 Bg2+ 43. Kg1 Bxf3 44. Nd2 Bg4 45. d5 Rb4 46. Bc5 Rf4 47. Rxb5 Nf6 48. Be3 Rf5 49. Bd4 Kh6 50. Bxf6 Rxf6 51. Rb4 Bf5 52. Rd4 Rd6 53. Nc4 Rd8 54. Ne5 Kg7 55. d6 Kf6 56. Nc6 Rc8 57. Nb4 Bd7 58. Kf2 Ke5 59. Rd5+ Ke6 60. Rd2 h5 61. Na6 Rc6 62. Nc7+ Ke5 63. Rd5+ Ke4 64. Rd2 h4 65. Re2+ Kf5 66. Re7 Rxd6 67. Rxf7+ Kg4 68. Ke3 g5 {[%emt 0:01:07] Kd4} 0-1

[Event "47th GRE-chT 2019"]
[Site "Patra"]
[Date "2019.07.02"]
[Round "1.15"]
[White "Makka, Ioulia"]
[Black "Kiolbasa, Oliwia"]
[Result "1/2-1/2"]
[ECO "C50"]
[WhiteElo "2026"]
[BlackElo "2239"]
[Annotator "RC"]
[PlyCount "106"]
[EventDate "2019.07.02"]
[EventCountry "GRE"]
[SourceTitle "playchess.com"]
[Source "ChessBase"]
[SourceQuality "1"]
[TimeControl "5400+30"]

1. e4 e5 2. Nf3 Nc6 3. Bc4 Bc5 4. O-O Nf6 5. d3 O-O 6. a4 d5 7. exd5 Nxd5 8. Ng5 h6 9. Ne4 Be7 10. Nbc3 Nb6 11. Ba2 Nd4 12. a5 Nd7 13. Nd5 Nc5 14. Nxe7+ Qxe7 15. Nxc5 Qxc5 16. c3 Nf5 17. Qf3 Qd6 18. a6 Rb8 19. axb7 Bd7 20. Qd5 Bc6 21. Qxd6 Nxd6 22. Be3 Rxb7 23. b4 Rd8 24. Bb1 Nb5 25. Rc1 e4 26. d4 Nd6 27. Ba2 Bb5 28. c4 Be8 29. b5 Nf5 30. d5 Nxe3 31. fxe3 a6 32. bxa6 Ra7 33. Bb1 f5 34. Rf1 Bg6 35. Rf2 Rd6 36. Rfa2 c6 37. dxc6 Rxc6 38. Bc2 Bf7 39. Bb3 Rb6 40. Ra3 g6 41. Kf2 Kf8 42. h4 Be6 43. Kg3 Ke7 44. Kf2 Bc8 45. Ke1 Kd6 46. c5+ Kxc5 47. Rc1+ Kb4 48. Raa1 Bd7 49. Bd1 Raxa6 50. Rab1+ Ka3 51. Ra1+ Kb4 52. Rab1+ Ka3 53. Ra1+ Kb4 1/2-1/2

[Event "47th GRE-chT 2019"]
[Site "Patra"]
[Date "2019.07.02"]
[Round "1.16"]
[White "Pasoglou, Ekaterini"]
[Black "Louka, Marianthi"]
[Result "1-0"]
[ECO "D05"]
[WhiteElo "1804"]
[BlackElo "1456"]
[Annotator "NA"]
[PlyCount "69"]
[EventDate "2019.07.02"]
[EventCountry "GRE"]
[SourceTitle "playchess.com"]
[Source "ChessBase"]
[SourceQuality "1"]
[TimeControl "5400+30"]

1. d4 Nf6 2. Nf3 e6 3. e3 d5 4. Bd3 c5 5. b3 Bd6 6. Bb2 O-O 7. Nbd2 b6 8. O-O Bb7 9. c4 cxd4 10. exd4 Nc6 11. a3 a5 12. Qe2 Bc7 13. Rac1 dxc4 14. bxc4 Ne7 15. Ne5 Ng6 16. f4 Nh4 17. g3 Nf5 18. Ndf3 h5 19. Rfd1 Nh6 20. Ng5 Nfg4 21. h3 Nxe5 22. dxe5 Qe7 23. Bh7+ Kh8 24. Qxh5 Qc5+ 25. Bd4 Qxa3 26. Rc3 Qb2 27. Be4 Bxe4 28. Nxe4 Rad8 29. Rcd3 Qb4 30. g4 Kg8 31. f5 Rxd4 32. Rxd4 Bxe5 33. Rd8 Qb2 34. R8d2 Qb4 35. f6 1-0

[Event "47th GRE-chT 2019"]
[Site "Patra"]
[Date "2019.07.02"]
[Round "1.16"]
[White "Spiliopoulou, Maria-Konstantina"]
[Black "Apostolidou, Eleni"]
[Result "0-1"]
[ECO "C68"]
[WhiteElo "1105"]
[BlackElo "1340"]
[Annotator "NA"]
[PlyCount "68"]
[EventDate "2019.07.02"]
[EventCountry "GRE"]
[SourceTitle "playchess.com"]
[Source "ChessBase"]
[SourceQuality "1"]
[TimeControl "5400+30"]

1. e4 e5 2. Nf3 Nc6 3. Bb5 a6 4. Bxc6 dxc6 5. d4 exd4 6. Qxd4 Qxd4 7. Nxd4 Bd7 8. Be3 O-O-O 9. Nd2 Bd6 10. h3 Re8 11. f4 f6 12. O-O-O Nh6 13. Rde1 c5 14. N4b3 b6 15. Rhf1 Bc6 16. Bg1 Re6 17. Bh2 Rhe8 18. f5 Nxf5 19. Rxf5 Bxh2 20. Rf3 Bd6 21. Rfe3 f5 22. e5 Rxe5 23. Nc4 Rxe3 24. Rxe3 Bf4 25. Kd2 Bxe3+ 26. Nxe3 f4 27. Nf5 g6 28. Nh4 g5 29. Nf5 Bxg2 30. h4 gxh4 31. Nxh4 f3 32. Nxf3 Bxf3 33. Kc1 h5 34. Nd2 Re1# 0-1

[Event "47th GRE-chT 2019"]
[Site "Patra"]
[Date "2019.07.02"]
[Round "1.17"]
[White "Daniilidi, Dimitra Lydia"]
[Black "Strati, Betty - Anna"]
[Result "1/2-1/2"]
[ECO "C01"]
[WhiteElo "1299"]
[BlackElo "1710"]
[Annotator "NA"]
[PlyCount "80"]
[EventDate "2019.07.02"]
[EventCountry "GRE"]
[SourceTitle "playchess.com"]
[Source "ChessBase"]
[SourceQuality "1"]
[TimeControl "5400+30"]

1. e4 e6 2. d4 d5 3. exd5 exd5 4. Bd3 Bd6 5. Nf3 Ne7 6. Nbd2 O-O 7. O-O Bf5 8. Bxf5 Nxf5 9. Re1 Nd7 10. Nf1 Nf6 11. Qd3 Qc8 12. Ng3 Nxg3 13. hxg3 Re8 14. Ne5 Ne4 15. Qb3 c6 16. Rxe4 f6 17. Bf4 fxe5 18. Bxe5 Qe6 19. Qxb7 Qg6 20. Re2 Bxe5 21. Rxe5 Reb8 22. Qd7 Rxb2 23. Re6 Qf7 24. Qxf7+ Kxf7 25. Rxc6 Re8 26. Kf1 Re4 27. Rc7+ Kf6 28. Rxa7 Rxc2 29. Re1 Rxd4 30. Rae7 Rxa2 31. R1e6+ Kf5 32. Re5+ Kf6 33. R5e6+ Kf5 34. Re5+ Kg6 35. R7e6+ Kf7 36. Re7+ Kf6 37. R5e6+ Kf5 38. Re5+ Kf6 39. R5e6+ Kf5 40. Re5+ Kf6 1/2-1/2

[Event "47th GRE-chT 2019"]
[Site "Patra"]
[Date "2019.07.02"]
[Round "1.18"]
[White "Kazakos, Markos"]
[Black "Thomaidis, Panagiotis Georgios"]
[Result "1-0"]
[ECO "A30"]
[WhiteElo "2069"]
[BlackElo "1465"]
[Annotator "NA"]
[PlyCount "97"]
[EventDate "2019.07.02"]
[EventCountry "GRE"]
[SourceTitle "playchess.com"]
[Source "ChessBase"]
[SourceQuality "1"]
[TimeControl "5400+30"]

1. Nf3 Nf6 2. g3 b6 3. Bg2 Bb7 4. d4 e6 5. O-O c5 6. c4 Be7 7. Nc3 d6 8. dxc5 bxc5 9. Bf4 Nh5 10. Be3 O-O 11. Qc2 Nf6 12. Rfd1 Qb6 13. h3 Nc6 14. a3 Na5 15. Nd2 Bxg2 16. Kxg2 Qc6+ 17. Kg1 d5 18. cxd5 exd5 19. Bg5 h6 20. Bxf6 Bxf6 21. e4 d4 22. Nd5 Rfc8 23. b4 cxb4 24. Qxc6 Nxc6 25. axb4 a5 26. Nb6 Nxb4 27. Nxc8 Rxc8 28. Rxa5 Nc6 29. Rc5 Ne7 30. Rxc8+ Nxc8 31. Nf3 Nb6 32. e5 Be7 33. Nxd4 Nc4 34. Nc6 Ba3 35. h4 Bb2 36. f4 Ne3 37. Rd8+ Kh7 38. h5 Nf5 39. Kg2 Ne3+ 40. Kf3 Nc4 41. Rd7 Kg8 42. Rd8+ Kh7 43. Rf8 Nd2+ 44. Kg2 Ne4 45. Rxf7 Ba3 46. Nd8 Nc5 47. e6 Ne4 48. Nc6 Nf6 49. e7 1-0

[Event "47th GRE-chT 2019"]
[Site "Patra"]
[Date "2019.07.02"]
[Round "1.18"]
[White "Loutragotis, Paraskevas Pantelei"]
[Black "Bardis, Harilaos-Panagiotis"]
[Result "0-1"]
[ECO "C12"]
[WhiteElo "1864"]
[BlackElo "1897"]
[Annotator "NA"]
[PlyCount "38"]
[EventDate "2019.07.02"]
[EventCountry "GRE"]
[SourceTitle "playchess.com"]
[Source "ChessBase"]
[SourceQuality "1"]
[TimeControl "5400+30"]

1. e4 e6 2. d4 d5 3. Nc3 Nf6 4. Bg5 Bb4 5. e5 h6 6. Bd2 Bxc3 7. Bxc3 Ne4 8. Bb4 c5 9. dxc5 Nxf2 10. Qd2 Nxh1 11. Nf3 g5 12. Nd4 g4 13. Nb5 Nc6 14. Nd6+ Kf8 15. Qf4 Rh7 16. Bd3 Rg7 17. Bd2 Qg5 18. O-O-O Qxf4 19. Bxf4 Nf2 0-1

[Event "47th GRE-chT 2019"]
[Site "Patra"]
[Date "2019.07.02"]
[Round "1.19"]
[White "Liakos, Christos - Konstanti"]
[Black "Tsarsitalidis, Konstantinos"]
[Result "0-1"]
[ECO "B23"]
[WhiteElo "1479"]
[BlackElo "2001"]
[Annotator "NA RC"]
[PlyCount "126"]
[EventDate "2019.07.02"]
[EventCountry "GRE"]
[SourceTitle "playchess.com"]
[Source "ChessBase"]
[SourceQuality "1"]
[TimeControl "5400+30"]

1. e4 c5 2. Nc3 a6 3. f4 b5 4. g3 Bb7 5. Bg2 e6 6. d3 d5 7. Qe2 {[%emt 0:03:21] B23: Closed Sicilian: Lines without g3} d4 8. Nd1 Nc6 9. Nf3 Nf6 10. O-O Be7 11. f5 $146 ({Predecessor:} 11. Nf2 Qb6 12. a4 h6 13. h4 Qc7 14. Bh3 Nd7 15. axb5 axb5 16. Rxa8+ Bxa8 {0-1 (56) Sambuev,B (2524)-Kovalyov,A (2651) Edmonton 2018}) 11... e5 12. Ng5 h6 13. Nh3 h5 14. Ng5 Qc7 15. a3 Bd6 16. Kh1 O-O-O 17. Nf2 Rdf8 18. Bd2 Qe7 19. h3 Kb8 20. c3 g6 21. fxg6 fxg6 22. a4 Bc8 23. axb5 axb5 24. Ra2 Nh7 25. Nf3 g5 26. Ne1 Be6 27. c4 g4 28. h4 b4 29. b3 Rf7 30. Qd1 Bc8 31. Qa1 Bb7 32. Kh2 Rhf8 33. Bh6 Rg8 34. Rb2 Rg6 35. Bc1 Rgf6 36. Qa2 Qf8 37. Rc2 Bc8 38. Kg1 Qd8 39. Qa4 Qb6 40. Qa2 Ra7 41. Qb2 Ra6 42. Nd1 Qa7 43. Rxf6 Nxf6 44. Rf2 Ne8 45. Nc2 Be6 46. Bh6 Be7 47. Qb1 Kc8 48. Nb2 Na5 49. Nd1 Bf6 50. Bf8 Nb7 51. Nb2 Qb6 52. Na4 Qc7 53. Bf1 Bd7 54. Nb2 Qd8 55. Qc1 Ng7 56. Bxg7 Bxg7 57. Be2 Bh6 58. Qb1 Qa5 59. Bd1 $2 (59. Rf1) 59... Qa2 $19 60. Qxa2 Rxa2 61. Na4 Bxa4 62. bxa4 b3 63. Ne1 Be3 0-1

[Event "47th GRE-chT 2019"]
[Site "Patra"]
[Date "2019.07.02"]
[Round "1.19"]
[White "Sidiropoulos, Vasilis"]
[Black "Vrailas, Marios"]
[Result "0-1"]
[ECO "B22"]
[WhiteElo "1479"]
[BlackElo "1285"]
[Annotator "NA"]
[PlyCount "72"]
[EventDate "2019.07.02"]
[EventCountry "GRE"]
[SourceTitle "playchess.com"]
[Source "ChessBase"]
[SourceQuality "1"]
[TimeControl "5400+30"]

1. e4 c5 2. c3 Nf6 3. e5 Nd5 4. d4 cxd4 5. Nf3 e6 6. cxd4 d6 7. a3 Nc6 8. Bd3 Be7 9. O-O Bd7 10. Re1 Rc8 11. Be4 dxe5 12. dxe5 Nb6 13. Qd3 Qc7 14. Bf4 h6 15. h3 Na4 16. b4 a5 17. Qb3 b5 18. Rc1 O-O 19. Bxc6 Bxc6 20. Nd4 Qb7 21. Rxc6 Rxc6 22. Nxc6 Qxc6 23. bxa5 Ra8 24. Bd2 Bd8 25. Qd3 Bc7 26. f4 Rd8 27. Qf3 Qc2 28. a6 Qb2 29. Bc3 Nxc3 30. Qxc3 Rd1+ 31. Kh2 Qxc3 32. Nxc3 Rxa1 33. a4 Bb6 34. axb5 Ra5 35. g3 Bd4 36. Ne2 Ra2 0-1

[Event "47th GRE-chT 2019"]
[Site "Patra"]
[Date "2019.07.02"]
[Round "1.20"]
[White "Papaoulakis, Isidoros"]
[Black "Soukarie, Zorz"]
[Result "1/2-1/2"]
[ECO "A45"]
[WhiteElo "1393"]
[BlackElo "1324"]
[Annotator "NA RC"]
[PlyCount "96"]
[EventDate "2019.07.02"]
[EventCountry "GRE"]
[SourceTitle "playchess.com"]
[Source "ChessBase"]
[SourceQuality "1"]
[TimeControl "5400+30"]

1. d4 Nf6 2. g3 e6 3. Bg2 d5 4. Nf3 Bd6 5. O-O O-O 6. b3 Nbd7 7. Bb2 c6 8. c4 b6 9. Nbd2 Qc7 10. Rc1 Qb8 11. Re1 Bb7 12. cxd5 cxd5 13. Qc2 a5 14. a3 Ra7 15. e3 Rc8 16. Qd3 Ba6 17. Rxc8+ Qxc8 18. Qb1 Qb8 19. Qa1 h6 20. Ne5 Bb7 21. Rc1 Bxe5 22. dxe5 Ne4 23. Nxe4 dxe4 24. Bd4 Bd5 25. Qb1 Nxe5 26. Bxe4 Nd7 27. Bxd5 exd5 28. Rc6 Rc7 29. Qc2 Rxc6 30. Qxc6 Qa7 31. Qxd5 Qc7 32. Qc4 Qd6 33. a4 Nf6 34. Qc8+ Kh7 35. Qf5+ Kg8 36. Bxf6 gxf6 37. Qc8+ Kg7 38. Qc4 Qd1+ 39. Kg2 Qd6 40. h3 Kg8 41. e4 Kg7 42. Qd5 Qc7 43. h4 Kg8 44. Qd3 Qc6 45. g4 Qe6 46. Kg3 Qe5+ 47. f4 Qc5 48. Qf3 Kg7 1/2-1/2

[Event "47th GRE-chT 2019"]
[Site "Patra"]
[Date "2019.07.02"]
[Round "1.22"]
[White "Papadopoulos, Georgios"]
[Black "Pavlidis, Antonios"]
[Result "0-1"]
[ECO "E73"]
[WhiteElo "2378"]
[BlackElo "2546"]
[Annotator "ChessBase"]
[PlyCount "56"]
[EventDate "2019.07.02"]
[EventCountry "GRE"]
[SourceTitle "playchess.com"]
[Source "ChessBase"]
[SourceQuality "1"]
[TimeControl "5400+30"]

1. d4 Nf6 2. c4 g6 3. Nc3 Bg7 4. e4 d6 5. Be2 O-O 6. Be3 Nc6 7. d5 Ne5 8. f4 Neg4 9. Bd2 Nh6 10. h3 e6 11. dxe6 fxe6 12. g4 b5 13. cxb5 Bb7 14. Qb3 Nd7 15. g5 Nc5 16. Qc4 Bxc3 17. bxc3 Bxe4 18. Nf3 Nf5 19. Kd1 a5 20. bxa6 Rb8 21. a7 Rb6 22. Nd4 Bd5 23. Nxf5 Rxf5 24. Qd4 Bxh1 25. c4 Qa8 26. Bg4 Bf3+ 27. Kc1 Bxg4 28. hxg4 e5 0-1

[Event "47th GRE-chT 2019"]
[Site "Patra"]
[Date "2019.07.02"]
[Round "1.23"]
[White "Sandalakis, Angelos"]
[Black "Sigalas, Frangiskos"]
[Result "1-0"]
[ECO "E17"]
[WhiteElo "2429"]
[BlackElo "2228"]
[Annotator "NA"]
[PlyCount "82"]
[EventDate "2019.07.02"]
[EventCountry "GRE"]
[SourceTitle "playchess.com"]
[Source "ChessBase"]
[SourceQuality "1"]
[TimeControl "5400+30"]

1. Nf3 Nf6 2. c4 e6 3. g3 b6 4. Bg2 Bb7 5. O-O Be7 6. Nc3 O-O 7. Re1 d5 8. cxd5 exd5 9. d4 Nbd7 10. Bf4 c5 11. Ne5 Nxe5 12. Bxe5 Rc8 13. dxc5 Bxc5 14. e3 Re8 15. Bd4 Ne4 16. Bxe4 dxe4 17. Bxc5 Rxc5 18. Qxd8 Rxd8 19. Red1 Rcc8 20. Nb5 g6 21. Nd6 Rc7 22. Rd4 Rcd7 23. Nxb7 Rxd4 24. exd4 Rxd4 25. Rc1 Kf8 26. Rc8+ Ke7 27. Ra8 Rd1+ 28. Kg2 Rd2 29. Kf1 a5 30. Ra7 Rd7 31. Nxa5 bxa5 32. Rxa5 Rd2 33. Rb5 Kd6 34. a4 Kc6 35. Rb4 f5 36. a5 Kc5 37. Rb7 e3 38. fxe3 Rxh2 39. a6 Kc6 40. b4 Ra2 41. b5+ Kd5 1-0

[Event "47th GRE-chT 2019"]
[Site "Patra"]
[Date "2019.07.02"]
[Round "1.24"]
[White "Tzouganakis, Panteleimon"]
[Black "Kanakaris, Georgios"]
[Result "0-1"]
[ECO "B51"]
[WhiteElo "2197"]
[BlackElo "2413"]
[Annotator "NA"]
[PlyCount "70"]
[EventDate "2019.07.02"]
[EventCountry "GRE"]
[SourceTitle "playchess.com"]
[Source "ChessBase"]
[SourceQuality "1"]
[TimeControl "5400+30"]

1. e4 c5 2. Nf3 d6 3. Bb5+ Nd7 4. d4 cxd4 5. Qxd4 a6 6. Bxd7+ Bxd7 7. Nc3 e5 8. Qd3 h6 9. a4 Nf6 10. O-O Be7 11. Be3 Qc7 12. Rfd1 Bg4 13. a5 Rc8 14. Bb6 Qc6 15. Rd2 O-O 16. Rad1 Qc4 17. Re2 Rfe8 18. h3 Be6 19. Qxc4 Bxc4 20. Red2 Be6 21. Ne1 Rxc3 22. bxc3 Nxe4 23. Rd3 Rc8 24. c4 Rxc4 25. Be3 Nc3 26. Ra1 Bf5 27. Rd2 d5 28. Nd3 d4 29. Nxe5 dxe3 30. fxe3 Re4 31. Nd3 Rxe3 32. Rf1 Be6 33. Kf2 Re4 34. Re1 Rxe1 35. Kxe1 Bg5 0-1

[Event "47th GRE-chT 2019"]
[Site "Patra"]
[Date "2019.07.02"]
[Round "1.25"]
[White "Tsolakidou, Stavroula"]
[Black "Bulmaga, Irina"]
[Result "1/2-1/2"]
[ECO "E01"]
[WhiteElo "2426"]
[BlackElo "2435"]
[Annotator "NA"]
[PlyCount "63"]
[EventDate "2019.07.02"]
[EventCountry "GRE"]
[SourceTitle "playchess.com"]
[Source "ChessBase"]
[SourceQuality "1"]
[TimeControl "5400+30"]

1. d4 Nf6 2. c4 e6 3. g3 c5 4. Nf3 cxd4 5. Nxd4 d5 6. Bg2 e5 7. Nb3 d4 8. O-O Nc6 9. Bg5 Be7 10. e3 Bg4 11. Qd3 e4 12. Qd2 Bb4 13. Qc1 Be2 14. N1d2 Bxf1 15. Qxf1 Be7 16. Bxf6 Bxf6 17. Nxe4 dxe3 18. Rd1 exf2+ 19. Kh1 Qe7 20. Nd6+ Kf8 21. Qxf2 Rd8 22. c5 Ne5 23. Rf1 Nd3 24. Qf5 Nxc5 25. Nxf7 Kxf7 26. Nxc5 Rhe8 27. Bd5+ Rxd5 28. Qxd5+ Kg6 29. Qf5+ Kf7 30. Qd5+ Kg6 31. Qf5+ Kf7 32. Qd5+ 1/2-1/2

[Event "47th GRE-chT 2019"]
[Site "Patra"]
[Date "2019.07.02"]
[Round "1.26"]
[White "Georgitsi, Antigoni"]
[Black "Tsivelekidou, Evgenia"]
[Result "1/2-1/2"]
[ECO "A20"]
[WhiteElo "1758"]
[BlackElo "1976"]
[Annotator "NA"]
[PlyCount "69"]
[EventDate "2019.07.02"]
[EventCountry "GRE"]
[SourceTitle "playchess.com"]
[Source "ChessBase"]
[SourceQuality "1"]
[TimeControl "5400+30"]

1. c4 e5 2. g3 h5 3. h4 Nc6 4. Nc3 Bc5 5. Ne4 d6 6. Bg2 Bb6 7. d3 Nge7 8. Bg5 Bg4 9. Nf3 Qd7 10. Bf6 O-O 11. Qc1 Qf5 12. Bxe7 Nxe7 13. Nh2 c6 14. Nxg4 hxg4 15. b4 Bd4 16. Rb1 d5 17. e3 Bb6 18. Nc5 Bxc5 19. bxc5 Qxd3 20. Rb3 Qxc4 21. Qxc4 dxc4 22. Rxb7 Nd5 23. O-O Rfb8 24. Rfb1 Rxb7 25. Rxb7 f5 26. Bf1 c3 27. Rb1 Kf7 28. Bc4 Ke6 29. Rc1 Rb8 30. Rxc3 Rb4 31. Bb3 a5 32. Rc4 Rb5 33. Kf1 e4 34. Ke2 Ke5 35. Kd2 1/2-1/2

[Event "47th GRE-chT 2019"]
[Site "Patra"]
[Date "2019.07.02"]
[Round "1.27"]
[White "Mihailidou, Magdalini"]
[Black "Georgitsi, Sofia"]
[Result "0-1"]
[ECO "C54"]
[WhiteElo "1810"]
[BlackElo "1487"]
[Annotator "NA"]
[PlyCount "118"]
[EventDate "2019.07.02"]
[EventCountry "GRE"]
[SourceTitle "playchess.com"]
[Source "ChessBase"]
[SourceQuality "1"]
[TimeControl "5400+30"]

1. e4 e5 2. Nf3 Nc6 3. Bc4 Bc5 4. c3 Nf6 5. d3 d6 6. b4 Bb6 7. a4 a5 8. b5 Ne7 9. O-O O-O 10. Nbd2 Ng6 11. h3 h6 12. Re1 Re8 13. Nf1 c6 14. bxc6 bxc6 15. Rb1 Rb8 16. Be3 Be6 17. Bxe6 fxe6 18. Bxb6 Rxb6 19. Ne3 d5 20. exd5 exd5 21. Nf5 Rxb1 22. Qxb1 Qd7 23. Ng3 Qc7 24. Re2 Rb8 25. Qa2 Kh8 26. Re1 Nd7 27. Nf5 Nc5 28. Rd1 Nf4 29. Ne1 Qf7 30. Ne3 Qg6 31. Kh2 Ncxd3 32. Nxd3 Nxd3 33. Qc2 e4 34. Rb1 Rxb1 35. Qxb1 Nxf2 36. Qb8+ Kh7 37. Qc7 Qg5 38. Nc2 e3 39. Qxc6 Qe5+ 40. Kg1 Nxh3+ 41. gxh3 Qg3+ 42. Kh1 Qxh3+ 43. Kg1 Qg3+ 44. Kh1 Qf3+ 45. Kg1 Qf2+ 46. Kh1 Qxc2 47. Qxd5 e2 48. Qe5 Qd1+ 49. Kg2 e1=Q 50. Qf5+ Kg8 51. Qc8+ Kf7 52. Qc4+ Qe6 53. Qf4+ Ke7 54. Qc7+ Qdd7 55. Qc5+ Qed6 56. Qe3+ Kf8 57. Qf3+ Kg8 58. Qa8+ Kh7 59. Qe4+ Qg6+ 0-1

[Event "47th GRE-chT 2019"]
[Site "Patra"]
[Date "2019.07.02"]
[Round "1.28"]
[White "Korniotis, Filippos"]
[Black "Zisiadis, Dimitrios"]
[Result "0-1"]
[ECO "E83"]
[WhiteElo "2141"]
[BlackElo "2077"]
[Annotator "NA"]
[PlyCount "84"]
[EventDate "2019.07.02"]
[EventCountry "GRE"]
[SourceTitle "playchess.com"]
[Source "ChessBase"]
[SourceQuality "1"]
[TimeControl "5400+30"]

1. d4 Nf6 2. c4 g6 3. Nc3 Bg7 4. e4 d6 5. f3 O-O 6. Be3 Nc6 7. Nge2 a6 8. Qd2 e6 9. g3 Bd7 10. Rc1 Rb8 11. Nd1 b5 12. c5 e5 13. d5 Ne7 14. Bg2 Ne8 15. O-O f5 16. Nf2 b4 17. Rc4 a5 18. Ra1 Bb5 19. Rcc1 f4 20. gxf4 Bxe2 21. cxd6 cxd6 22. Qxe2 exf4 23. Bd2 Bxb2 24. Nd3 Bxa1 25. Rxa1 g5 26. Bh3 Ng6 27. Bc1 Ng7 28. Bb2 Qb6+ 29. Nf2 h5 30. Kh1 Qe3 31. Qc2 Ne5 32. Rg1 Qxf3+ 33. Bg2 Qe3 34. Qc7 Qxf2 35. Bxe5 dxe5 36. Qxe5 f3 37. Bf1 g4 38. d6 Qh4 39. d7 Qf6 40. Qd5+ Kh8 41. e5 Qe6 42. Qd2 Rfd8 0-1

[Event "47th GRE-chT 2019"]
[Site "Patra"]
[Date "2019.07.02"]
[Round "1.29"]
[White "Stefanou, Dimitrios"]
[Black "Krallis, Christos"]
[Result "0-1"]
[ECO "E16"]
[WhiteElo "1975"]
[BlackElo "2267"]
[Annotator "NA"]
[PlyCount "66"]
[EventDate "2019.07.02"]
[EventCountry "GRE"]
[SourceTitle "playchess.com"]
[Source "ChessBase"]
[SourceQuality "1"]
[TimeControl "5400+30"]

1. d4 Nf6 2. c4 e6 3. Nf3 Bb4+ 4. Nbd2 b6 5. g3 Bb7 6. Bg2 O-O 7. O-O Bxd2 8. Qxd2 d6 9. b3 Nbd7 10. Bb2 Qe7 11. Rad1 Rae8 12. Rfe1 Ne4 13. Qc2 f5 14. Nd2 Ndf6 15. e3 g5 16. Ba3 g4 17. c5 Nxd2 18. Bxb7 Nf3+ 19. Bxf3 gxf3 20. cxd6 cxd6 21. Rc1 Qf7 22. Qd3 Ne4 23. Red1 Qh5 24. Qf1 Rf6 25. h4 Qg4 26. Kh2 Rh6 27. Rc2 Kh8 28. Qh3 Qh5 29. Rh1 Rg8 30. Kg1 Rhg6 31. Kf1 f4 32. exf4 Qb5+ 33. Ke1 Qa5+ 0-1

[Event "47th GRE-chT 2019"]
[Site "Patra"]
[Date "2019.07.02"]
[Round "1.30"]
[White "Yannopapas, Leontios"]
[Black "Dristellas, Neoklis"]
[Result "1/2-1/2"]
[ECO "A45"]
[WhiteElo "1451"]
[BlackElo "1570"]
[Annotator "NA RC"]
[PlyCount "120"]
[EventDate "2019.07.02"]
[EventCountry "GRE"]
[SourceTitle "playchess.com"]
[Source "ChessBase"]
[SourceQuality "1"]
[TimeControl "5400+30"]

1. d4 Nf6 2. Nc3 d5 3. Bf4 g6 4. Qd2 Bg7 5. O-O-O O-O 6. Bh6 b6 7. f3 Bb7 8. h4 Nh5 9. g4 Ng3 10. Rh3 Nxf1 11. Rxf1 f6 12. Bxg7 Kxg7 13. h5 g5 14. h6+ Kh8 15. f4 Rg8 16. fxg5 Rxg5 17. Qf4 Nd7 18. Nf3 Rg6 19. Rh5 c5 20. Nb5 a6 21. Nc7 e5 22. dxe5 Qxc7 23. Nh4 Rgg8 24. exf6 Qxf4+ 25. Rxf4 Raf8 26. f7 Rg6 27. Nxg6+ hxg6 28. Rh1 Ne5 29. Rhf1 Bc8 30. g5 Kh7 31. Rf6 b5 32. Rd6 Bh3 33. Rf2 Bf5 34. Rxd5 Ng4 35. Rf4 Rxf7 36. Rxc5 Ne3 37. Rc6 Rd7 38. b3 Rd1+ 39. Kb2 Nd5 40. Rd6 Rd2 41. e4 Nxf4 42. Rxd2 Bg4 43. Rf2 Ne6 44. e5 Bf5 45. Rg2 Nd4 46. c4 Nf3 47. Rg3 Nxe5 48. Kc3 Nc6 49. Re3 b4+ 50. Kd2 Nd4 51. Re7+ Kh8 52. Ke3 Nc2+ 53. Kf4 Nd4 54. c5 Bb1 55. Re8+ Kh7 56. Re7+ Kh8 57. Re8+ Kh7 58. Re7+ Kh8 59. Re8+ Kh7 60. Ke5 Nc6+ {[%emt 0:00:10] Re7+} 1/2-1/2

[Event "47th GRE-chT 2019"]
[Site "Patra"]
[Date "2019.07.02"]
[Round "1.31"]
[White "Sadzikowski, Daniel"]
[Black "David, Alberto"]
[Result "1/2-1/2"]
[ECO "B06"]
[WhiteElo "2510"]
[BlackElo "2553"]
[Annotator "ChessBase"]
[PlyCount "66"]
[EventDate "2019.07.02"]
[EventCountry "GRE"]
[SourceTitle "playchess.com"]
[Source "ChessBase"]
[SourceQuality "1"]
[TimeControl "5400+30"]

1. e4 c6 2. Nc3 g6 3. d4 Bg7 4. Nf3 d6 5. Be3 Qb6 6. a3 Nf6 7. h3 O-O 8. Bd3 Nbd7 9. O-O Qc7 10. Qd2 e5 11. Rfe1 Re8 12. Rad1 exd4 13. Bxd4 Ne5 14. Nh2 Be6 15. f4 Nxd3 16. Qxd3 Rad8 17. f5 Bc8 18. Qf3 Nd7 19. Bxg7 Kxg7 20. Qf4 Nf6 21. Ng4 Nxg4 22. hxg4 Qe7 23. Kf2 Qe5 24. Kf3 Qxf4+ 25. Kxf4 h6 26. Rh1 b6 27. Rd2 Bb7 28. Rhd1 d5 29. fxg6 Kxg6 30. exd5 cxd5 31. Nxd5 Rxd5 32. Rd3 Rd4+ 33. Rxd4 Bd5 1/2-1/2

[Event "47th GRE-chT 2019"]
[Site "Patra"]
[Date "2019.07.02"]
[Round "1.32"]
[White "Theodorou, Nikolas"]
[Black "Molenda, Marcin"]
[Result "1/2-1/2"]
[ECO "D02"]
[WhiteElo "2543"]
[BlackElo "2380"]
[Annotator "ChessBase"]
[PlyCount "92"]
[EventDate "2019.07.02"]
[EventCountry "GRE"]
[SourceTitle "playchess.com"]
[Source "ChessBase"]
[SourceQuality "1"]
[TimeControl "5400+30"]

1. d4 Nf6 2. Nf3 g6 3. Nbd2 d5 4. e3 Bg7 5. b4 Nbd7 6. c4 e5 7. dxe5 Ng4 8. Rb1 Ndxe5 9. h3 Nxf3+ 10. Nxf3 Bf5 11. Bb2 Nf6 12. Bd3 Bxd3 13. Qxd3 O-O 14. Bxf6 Qxf6 15. cxd5 Rfd8 16. O-O c6 17. e4 cxd5 18. exd5 Rd7 19. Rbd1 Rad8 20. Qb3 Qf5 21. g4 Qf4 22. Rfe1 h5 23. gxh5 gxh5 24. Re3 Qf5 25. Qd3 Qf4 26. Qb3 Rd6 27. Rde1 Rxd5 28. Re8+ Kh7 29. Rxd8 Rxd8 30. Re7 Kg8 31. Rxb7 Rd6 32. Rb8+ Kh7 33. Re8 Qf5 34. h4 Bd4 35. Ng5+ Kg7 36. Qg3 Rg6 37. Re7 Kf8 38. Re2 Bf6 39. f4 Bd4+ 40. Kh2 Rc6 41. Qf3 Rc1 42. Ne4 Be5 43. Rf2 Rc4 44. Ng3 Bxf4 45. Qa8+ Kg7 46. Rxf4 Qxf4 1/2-1/2